 Dungeon Crawl Stone Soup version 0.28.0-45-g0d030f2227 (webtiles) character file.

Game seed: 1820117265363991397

126 Ablot the Grasshopper (level 5, -3/43 HPs)
             Began as a Gnoll Warper on Mar 30, 2022.
             Slain by a gnoll
             ... wielding a +0 whip
              (8 damage)
             ... on level 2 of the Dungeon.
             The game lasted 00:04:51 (2542 turns).

Ablot the Grasshopper (Gnoll Warper)                Turns: 2542, Time: 00:04:52

Health: -3/43      AC:  3    Str: 12    XL:     5   Next: 10%
Magic:  30/30      EV: 13    Int: 12    God:
Gold:   53         SH:  0    Dex: 12    Spells: 14/14 levels left

rFire   . . .      SeeInvis .   a - +0 spear (freeze)
rCold   . . .      Faith    .   (no shield)
rNeg    . . .      Spirit   .   b - +0 leather armour
rPois   .          Reflect  .   (no helmet)
rElec   .          Harm     .   (no cloak)
rCorr   .          Rampage  .   (no gloves)
Will    .....                   (no boots)
Stlth   +.........              (no amulet)
HPRegen 0.14/turn               e - ring of magical power
MPRegen 0.22/turn               o - ring of magical power

@: no status effects
A: fangs 1, strong nose, distributed training
a: no special abilities


You were on level 2 of the Dungeon.
You visited 1 branch of the dungeon, and saw 3 of its levels.

You collected 53 gold pieces.

Inventory:

Hand Weapons
 a - a +0 spear of freezing (weapon)
Missiles
 d - 5 boomerangs of dispersal
 m - 15 sling bullets
 n - 3 stones (quivered)
Armour
 b - a +0 leather armour (worn)
 f - +0 ice dragon scales
 h - +0 fire dragon scales
Magical Staves
 g - a staff of death
Jewellery
 e - a ring of magical power (left hand)
 o - a ring of magical power (right hand)
Scrolls
 c - 2 scrolls of blinking
 j - a scroll of vulnerability {unknown}
 k - 2 scrolls of teleportation {unknown}
 l - a scroll of identify {unknown}
 q - a scroll of summoning {unknown}
 r - a scroll of silence {unknown}


   Skills:
 + Level 4.7 Fighting
 + Level 1.3 Short Blades
 + Level 1.3 Long Blades
 + Level 1.3 Axes
 + Level 1.3 Maces & Flails
 + Level 4.7 Polearms
 + Level 1.3 Staves
 + Level 1.3 Slings
 + Level 1.3 Bows
 + Level 1.3 Crossbows
 + Level 2.9 Throwing
 + Level 2.9 Armour
 + Level 4.7 Dodging
 + Level 1.3 Stealth
 + Level 1.3 Shields
 + Level 1.3 Unarmed Combat
 + Level 5.1 Spellcasting
 + Level 1.1 Conjurations
 + Level 1.1 Hexes
 + Level 1.1 Summonings
 + Level 1.1 Necromancy
 + Level 5.5 Translocations
 + Level 1.1 Transmutations
 + Level 1.1 Fire Magic
 + Level 1.1 Ice Magic
 + Level 1.1 Air Magic
 + Level 1.1 Earth Magic
 + Level 1.1 Poison Magic
 + Level 1.5 Invocations
 + Level 1.3 Evocations


You had 14 spell levels left.
You didn't know any spells.
Your spell library contained the following spells:

 Spells                   Type           Power      Damage    Failure   Level
 Blink                    Tloc           32%        N/A       4%          2
 Gell's Gravitas          Tloc           16%        N/A       8%          3
 Lesser Beckoning         Tloc           16%        N/A       8%          3
 Teleport Other           Tloc           16%        N/A       8%          3
 Beastly Appendage        Tmut           10%        N/A       16%         1
 Scorch                   Fire           10%        2d6       24%         2
 Wereblood                Tmut           5%         N/A       24%         2
 Spider Form              Tmut/Pois      5%         N/A       43%         3
 Summon Guardian Golem    Hex/Summ       5%         N/A       43%         3
 Manifold Assault         Tloc           16%        N/A       58%         5
 Flame Wave               Conj/Fire      5%         2d5       85%         4
 Summon Cactus Giant      Summ           2%         N/A       100%        6
 Orb of Destruction       Conj           2%         9d5       100%        7
 Spellforged Servitor     Conj/Summ      2%         N/A       100%        7


Dungeon Overview and Level Annotations

Branches:
Dungeon (3/15)

Altars:

Shops:
D:1 !   D:2 =


Innate Abilities, Weirdness & Mutations

You have very sharp teeth.
Your uncanny sense of smell can sniff out nearby items.
Your experience applies equally to all skills.


Message History

You are too injured to fight recklessly!
You are too injured to fight recklessly!
You are too injured to fight recklessly!
You are too injured to fight recklessly!
You are too injured to fight recklessly!
You are too injured to fight recklessly!
You are too injured to fight recklessly!
You are too injured to fight recklessly!
You are too injured to fight recklessly!
You are too injured to fight recklessly!
You hit the gnoll.
You kill the gnoll!
You barely miss the gnoll.
The gnoll hits you from afar with a +0 spear!
* * * LOW HITPOINT WARNING * * *
The gnoll closely misses you.
You hit the gnoll but do no damage.
The gnoll hits you from afar with a +0 spear.
* * * LOW HITPOINT WARNING * * *
The gnoll misses you.
An adder comes into view.
The adder hisses angrily.
The gnoll hits you with a +0 whip.
* * * LOW HITPOINT WARNING * * *
You aren't carrying any potions.
As you read the scroll labelled GOHEPIA YSELLE, it crumbles to dust.
It is a scroll of brand weapon.
Your +0 spear is covered with a thin layer of ice!
a - a +0 spear of freezing (weapon)
The gnoll barely misses you. The adder closely misses you.
Unknown command.
The gnoll hits you but does no damage.
Reach: a) +0 spear (freeze)
Press: ? - help, Dir - move target, f - gnoll
Aim: a gnoll, wielding a +0 whip (about 32% to evade your +0 spear of freezing)
You reach to attack!
You closely miss the gnoll. You hit the gnoll. You freeze the gnoll.
The gnoll is lightly wounded.
The gnoll hits you with a +0 whip!
You die...

#.....##.# .........##..#
#.#'####.######......###.#
#.#.# #.............###.##
....####.........###......##.#
#......'.......................
########.........###....#..#.#.
#.....).........# #....##.# #
#...............# #S...# ...
#.......#######@# #.######..#
#......†# ##g###.........#
#.......# #..S.S....##.#.#
#.......# #..#......# #.......#
#..#......... #.......#
#.........### #########
#.........# ###########


You could see a gnoll and an adder.

Vanquished Creatures
  A howler monkey (D:3)
  A gnoll (D:2)
  An adder (D:3)
  2 worms
  A dart slug (D:3)
  6 orcs (D:3)
  2 endoplasms
  2 giant cockroaches
  2 goblins
  4 hobgoblins
  8 jackals (D:1)
  3 kobolds (D:1)
  3 quokkas
  6 ball pythons
  4 bats
  4 frilled lizards
  2 rats (D:1)
52 creatures vanquished.

Notes
Turn   | Place    | Note
-------+----------+-------------------------------------------
     0 | D:1      | Ablot the Gnoll Warper began the quest for the Orb.
     0 | D:1      | Reached XP level 1. HP: 20/20 MP: 6/6
    35 | D:1      | Reached XP level 2. HP: 3/26 MP: 7/7
   760 | D:1      | Found Conuk's Distillery.
   795 | D:1      | Reached XP level 3. HP: 31/31 MP: 9/9
   829 | D:1      | Reached skill level 5 in Spellcasting
  1295 | D:1      | You fall into a shaft and drop 1 floor!
  1472 | D:2      | Reached skill level 1 in Invocations
  1479 | D:2      | Found Xaofee's Jewellery Shop.
  1982 | D:3      | Reached skill level 1 in Short Blades
  1982 | D:3      | Reached skill level 1 in Long Blades
  1982 | D:3      | Reached skill level 1 in Axes
  1982 | D:3      | Reached skill level 1 in Maces & Flails
  1982 | D:3      | Reached skill level 1 in Staves
  1982 | D:3      | Reached skill level 1 in Slings
  1982 | D:3      | Reached skill level 1 in Bows
  1982 | D:3      | Reached skill level 1 in Crossbows
  1982 | D:3      | Reached skill level 1 in Stealth
  1982 | D:3      | Reached skill level 1 in Shields
  1982 | D:3      | Reached skill level 1 in Unarmed Combat
  1982 | D:3      | Reached skill level 1 in Evocations
  1994 | D:3      | Reached XP level 4. HP: 22/38 MP: 11/11
  2007 | D:3      | HP: 1/38 [howler monkey (5)]
  2035 | D:3      | Reached skill level 1 in Conjurations
  2035 | D:3      | Reached skill level 1 in Hexes
  2035 | D:3      | Reached skill level 1 in Summonings
  2035 | D:3      | Reached skill level 1 in Necromancy
  2035 | D:3      | Reached skill level 1 in Transmutations
  2035 | D:3      | Reached skill level 1 in Fire Magic
  2035 | D:3      | Reached skill level 1 in Ice Magic
  2035 | D:3      | Reached skill level 1 in Air Magic
  2035 | D:3      | Reached skill level 1 in Earth Magic
  2035 | D:3      | Reached skill level 1 in Poison Magic
  2428 | D:3      | Reached XP level 5. HP: 33/43 MP: 12/12
  2521 | D:2      | HP: 2/43 [gnoll/+0 whip (2)]
  2542 | D:2      | Slain by a gnoll

Illustrated notes

Levels and vault maps discovered:
D:1:      dpeg_arrival_central, layout_basic, serial_shops, shop, st_stairs_10,
          nrook_uturn, minivault_5
D:2:      layout_basic, chequers_ecumenical_altar_grove, serial_shops,
          nicolae_diamond_shop, uniq_robin
D:3:      layout_basic, gup_sewer_entry_glass, minmay_misc_feat_room

Skill      XL: |  1  2  3  4 |
---------------+-------------+-----
Spellcasting   | 5 |  5.1
Invocations    | 1 |  1.5
Short Blades   | 1 |  1.3
Long Blades    | 1 |  1.3
Axes           | 1 |  1.3
Maces & Flails | 1 |  1.3
Staves         | 1 |  1.3
Slings         | 1 |  1.3
Bows           | 1 |  1.3
Crossbows      | 1 |  1.3
Stealth        | 1 |  1.3
Shields        | 1 |  1.3
Unarmed Combat | 1 |  1.3
Evocations     | 1 |  1.3
Conjurations   | 1 |  1.1
Hexes          | 1 |  1.1
Summonings     | 1 |  1.1
Necromancy     | 1 |  1.1
Transmutations | 1 |  1.1
Fire Magic     | 1 |  1.1
Ice Magic      | 1 |  1.1
Air Magic      | 1 |  1.1
Earth Magic    | 1 |  1.1
Poison Magic   | 1 |  1.1
Fighting       | |  4.7
Polearms       | |  4.7
Throwing       | |  2.9
Armour         | |  2.9
Dodging        | |  4.7
Translocations | |  5.5

Action                   |  1- 3 |  4- 6 || total
-------------------------+-------+-------++-------
Melee: Spear             |   158 |   111 ||   269
       Bite              |    14 |     6 ||    20
       Punch             |     1 |     2 ||     3
Throw: Stone             |       |     4 ||     4
  Use: Potion            |       |     3 ||     3
       Scroll            |       |     1 ||     1
 Stab: Sleeping          |     2 |       ||     2
Armor: Leather armour    |    24 |    12 ||    36
       Skin              |       |    24 ||    24
Dodge: Dodged            |    77 |    41 ||   118
